 Dungeon Crawl Stone Soup version 0.31-a0-222-gefeffbb62a (webtiles) character file.

Game seed: 14077923035353345824

14 coffeetime the Covered (level 2, 25/26 HPs)
             Began as an Armataur Fighter on July 5, 2023.
             Was a Follower of Sif Muna.
             Quit the game on level 1 of the Dungeon.
             The game lasted 00:01:50 (372 turns).

coffeetime the Covered (Armataur Fighter)            Turns: 372, Time: 00:01:50

Health: 25/26      AC:  8    Str: 21    XL:     2   Next: 27%
Magic:  2/2        EV:  7    Int:  8    God:    Sif Muna [*.....]
Gold:   5          SH:  4    Dex:  9    Spells: 1/1 levels left

rFire   . . .        g - +0 flail (drain)
rCold   . . .        c - +0 buckler
rNeg    . . .        b - +0 scale mail
rPois   .            e - +0 helmet
rElec   .            (no cloak)
rCorr   .            (no gloves)
SInv    .            (no barding)
Will    .....        (no amulet) Stlth
                     (no ring)
HPRegen 0.24/turn    (no ring)
MPRegen 0.08/turn

%: roll
@: no status effects
A: large, rugged brown scales 3, deformed body, armoured tail, roll, long
tongue, awkward tongue
a: Renounce Religion, Channel Magic


You were on level 1 of the Dungeon.
You worshipped Sif Muna.
Sif Muna was aware of your devotion.
You visited 1 branch of the dungeon, and saw 1 of its levels.

You collected 5 gold pieces.

Inventory:

Hand Weapons
 a - a +0 flail
 g - a +0 flail of draining (weapon)
Missiles
 f - 8 stones
Armour
 b - a +0 scale mail (worn)
 c - a +0 buckler (worn)
 e - a +0 helmet (worn)
Scrolls
 i - 3 scrolls of identify {unknown}
Potions
 d - a potion of might
 h - a potion of curing {unknown}


   Skills:
 + Level 2.9 Fighting
 + Level 2.0 Maces & Flails
 + Level 4.0 Armour
 + Level 3.4 Shields


You had one spell level left.
You didn't know any spells.
Your spell library was empty.

Dungeon Overview and Level Annotations

Branches:
Dungeon (1/15)

Altars:
Sif Muna


Innate Abilities, Weirdness & Mutations

You are completely covered in rugged brown scales. (AC +3, +7% HP)
Armour fits poorly on your strangely shaped body.
You have a long armoured tail.
You roll when moving toward enemies. (Rampage)
Your long tongue fully drains potion bottles. (2x potion effects)
Your tongue gives you trouble enunciating. (1.5x scroll delay)


Message History

Your Armour skill increases to level 4!
No target in view!
No target in view!
Things that are here:
a +0 dagger; a goblin corpse A kobold comes into view.
It is wielding a +0 short sword.
The kobold shouts!
You hear an angry hiss.
A kobold is nearby!
You roll towards the kobold!
You roll towards the kobold!
The kobold barely misses you.
You hit the kobold.
Your tail-slap misses the kobold.
The kobold is moderately wounded.
The kobold barely misses you.
You sock the kobold!
You kill the kobold!
No target in view!
Things that are here:
a +0 short sword; a kobold corpse
Found a faded altar of an unknown god.
A ball python comes into view.
There is a faded altar of an unknown god here.
You closely miss the ball python. The ball python closely misses you.
The ball python bites you but does no damage.
You closely miss the ball python. The ball python bites you.
You completely miss the ball python. The ball python closely misses you.
The ball python bites you.
You hit the ball python.
You kill the ball python!
Your Maces & Flails skill increases to level 2!
No target in view!
You see here a ball python corpse.
You see here a ball python corpse.
There is a faded altar of an unknown god, spattered with blood here.
This altar belongs to (a) Kikubaaqudgha, (b) Sif Muna or (c) Jiyva, but you can't tell which.
Press the corresponding letter to learn more about a god, or press enter to convert or escape to cancel.
Sif Muna accepts your prayer! Sif Muna welcomes you!
You can now call upon Sif Muna for magical energy.
You see here a ball python corpse.
Okay, then.
Are you sure you want to abandon this character and quit the game? (Confirm with "yes".)

#.......
#.######
#.# #.####
####....###
# #####
#.....)....
#.#.^8#
#.#.###.###
#^#.#^#
#.#...#.#..
#..@..##
#.###.#.#.#
#.#....#
#..........
#####....#
#.###.#.#.#
#..._†...#
#.# #.....#
#.###....#
#.#.###.###
#)# #....#
#..........
#.#.....##
#.#####....
#.#^#.#^#
#.. ###..
#.#8#...#
#.# #''


There were no monsters in sight!

Vanquished Creatures
  A dart slug (D:1)
  2 goblins (D:1)
  4 kobolds (D:1)
  2 ball pythons (D:1)
  A bat (D:1)
  A frilled lizard (D:1)
11 creatures vanquished.

Notes
Turn   | Place    | Note
-------+----------+-------------------------------------------
     0 | D:1      | coffeetime the Armataur Fighter began the quest for the
                  | Orb.
     0 | D:1      | Reached XP level 1. HP: 19/19 MP: 1/1
   222 | D:1      | Reached XP level 2. HP: 24/26 MP: 2/2
   313 | D:1      | Reached skill level 4 in Armour
   352 | D:1      | Found a faded altar of an unknown god.
   367 | D:1      | Prayed at the altar of an unknown god.
   367 | D:1      | Became a worshipper of Sif Muna the Loreminder
   367 | D:1      | Reached * piety under Sif Muna
   372 | D:1      | Quit the game

Illustrated notes

Levels and vault maps discovered:
D:1:      lemuel_arrival_funnel, layout_loops_cross,
          shapermc_ecumenical_altar_mp_highgroup, minmay_misc_feat_roman

Skill      XL: |  1  2 |
---------------+-------+-----
Armour         | 4 |  4.0
Maces & Flails | 2 |  2.0
Fighting       | |  2.9
Shields        | |  3.4

Action                     || total
---------------------------++-------
  Melee: Flail             ||    28
 Armour: Scale mail        ||     9
  Dodge: Dodged            ||    14
  Block: Buckler           ||     3

Table legend: (Time is in decaauts)
 A = Elapsed time spent in this place.
 B = Non-inter-level travel time spent in this place.
 C = Inter-level travel time spent in this place.
 D = Time resting spent in this place.
 E = Time spent auto-exploring this place.
 F = Levels seen in this place.
 G = Mean time per level.
                   A        B        C        D        E       F      G
               +--------+--------+--------+--------+--------+-----+--------+
         Total |    381 |    355 |     26 |      0 |    255 |   1 |  381.0 |
       Dungeon |    381 |    355 |     26 |      0 |    255 |   1 |  381.0 |
               +--------+--------+--------+--------+--------+-----+--------+

Top non-repeatable levels by time:
     D:1: 381 daAuts
